 Dungeon Crawl Stone Soup version 0.17.1-3-g152610e (webtiles) character file.

11162 Goblin1989 the Spear-Bearer (level 11, -4/89 HPs)
             Began as a Merfolk Skald on Feb 24, 2016.
             Was an Elder of Okawaru.
             Slain by a six-headed hydra (7 damage)
             ... on level 2 of the Lair of Beasts on Feb 25, 2016.
             The game lasted 01:23:45 (11976 turns).

Goblin1989 the Spear-Bearer (Merfolk Skald)        Turns: 11976, Time: 01:23:48

Health: -4/89      AC: 11    Str: 15    XL:     11   Next: 73%
Magic:  12/14      EV: 27    Int: 12    God:    Okawaru [****..]
Gold:   669        SH:  0    Dex: 14    Spells: 5 memorised, 2 levels left

rFire  . . .     SeeInvis .     I - +3 trident
rCold  . . .     Clarity  .     z - +2 troll leather armour
rNeg   . . .     SustAt   .     (no shield)
rPois  +         Gourm    .     f - +0 helmet
rElec  .         Spirit   .     x - +0 cloak
rCorr  .         Warding  .     J - +0 pair of gloves
rMut   .         Stasis   .     (boots currently unavailable)
MR     .....                    (no amulet)
Stlth  ++++......               D - ring of poison resistance
                                h - ring of wizardry

@: heroism, very quick, not resistant to hostile enchantments, stealthy
A: change form in water, swift swim, icy blue scales 1
a: Heroism, Renounce Religion


You were on level 2 of the Lair of Beasts.
You worshipped Okawaru.
Okawaru was greatly pleased with you.
You were very hungry.

You visited 3 branches of the dungeon, and saw 14 of its levels.

You collected 669 gold pieces.

Inventory:

Hand Weapons
 a - a +2 halberd of venom
 I - a +3 trident (weapon)
Armour
 f - a +0 helmet (worn)
 x - a +0 cloak (worn)
 z - a +2 troll leather armour (worn)
 J - a +0 pair of gloves (worn)
Magical Staves
 b - an uncursed staff of energy
Jewellery
 h - a ring of wizardry (left hand)
 D - a ring of poison resistance (right hand)
 G - an uncursed ring of protection from cold {unknown}
 M - a cursed ring of teleportation {unknown}
Wands
 g - a wand of frost (14)
 w - a wand of hasting (0)
 y - a wand of random effects (21)
 A - a wand of digging (6)
 E - a wand of flame (35)
 F - a wand of lightning (8)
 H - a wand of confusion (15)
 L - a wand of slowing (28)
Scrolls
 e - 5 scrolls of remove curse
 i - a scroll of recharging
 m - 3 scrolls of enchant weapon
 p - a scroll of identify
 q - a scroll of amnesia {unknown}
 r - 9 scrolls of teleportation
 s - a scroll of random uselessness {unknown}
 u - 4 scrolls of magic mapping
 N - a scroll of noise {unknown}
Potions
 k - a potion of brilliance
 o - a potion of magic
 t - 3 potions of curing
 v - 5 potions of flight
 B - a potion of berserk rage
 C - a potion of cancellation
 K - 3 potions of might
 P - 2 potions of heal wounds
Books
 c - a book of Battle

   Spells                             Type                      Level
   a - Infusion                       Charms                       1
   b - Shroud of Golubria             Charms/Translocation         2
   c - Song of Slaying                Charms                       2
   d - Spectral Weapon                Hexes/Charms                 3
   e - Regeneration                   Charms/Necromancy            3
 n - a book of Frost

   Spells                             Type                      Level
   a - Freeze                         Ice                          1
   b - Throw Frost                    Conjuration/Ice              2
   c - Ozocubu's Armour               Charms/Ice                   3
   d - Throw Icicle                   Conjuration/Ice              4
   e - Summon Ice Beast               Ice/Summoning                4
   f - Condensation Shield            Ice                          4
Comestibles
 d - 10 bread rations
 j - 9 beef jerkies
 l - 4 meat rations
 O - 3 fruits
 Q - a slice of pizza


   Skills:
 - Level 9.0(14.0) Fighting
 + Level 14.5(19.5) Polearms
 - Level 0.6(5.6) Armour
 + Level 11.7(16.7) Dodging
 - Level 2.0 Spellcasting
 - Level 6.9 Charms
 - Level 3.1 Necromancy
 * Level 6.0 Ice Magic


You had 2 spell levels left.
You knew the following spells:

 Your Spells              Type           Power        Failure   Level  Hunger
a - Infusion              Chrm           ###...       1%          1    ##.....
b - Song of Slaying       Chrm           ###.....     1%          2    ###....
c - Spectral Weapon       Hex/Chrm       #.......     12%         3    ####...
d - Regeneration          Chrm/Necr      ##........   6%          3    ####...
e - Ozocubu's Armour      Chrm/Ice       ###.....     4%          3    ####...


Dungeon Overview and Level Annotations

Branches:
Dungeon (11/15)            Temple (1/1) D:5            Lair (2/8) D:11
    Orc: D:9-12

Altars:
Ashenzari
Dithmenos
Elyvilon
Fedhas
Gozag
Kikubaaqudgha
Makhleb
Nemelex Xobeh
Okawaru
Qazlal
Ru
Sif Muna
Trog
Vehumet
Xom
Yredelemnul
Zin
The Shining One

Shops:
D:10 *   D:11 [

Annotations:
D:2 Ijyb, Sigmund
D:6 1 exclusion, Grinder


Innate Abilities, Weirdness & Mutations

You revert to your normal form in water.
You are very nimble and swift while swimming.
You are partially covered in icy blue scales (AC +1).


Message History

The six-headed hydra bites you but does no damage.
The six-headed hydra barely misses you.
The six-headed hydra completely misses you.
Drink which item? (? for menu, Esc to quit)
You can't drink that!
Unknown command.
Evoke which item? (* to show all) (? for menu, Esc to quit)
That item cannot be evoked!
Unknown command.
Evoke which item? (* to show all) (? for menu, Esc to quit)
Zapping:
w - a wand of hasting {zapped: 5} (will waste charges)
Press: ? - help, Shift-Dir - straight line, f - you, p - six-headed hydra Nothing appears to happen.
The six-headed hydra bites you!
* * * LOW HITPOINT WARNING * * *
The six-headed hydra bites you!
* * * LOW HITPOINT WARNING * * *
The six-headed hydra closely misses you.
The six-headed hydra completely misses you.
The six-headed hydra bites you!
You die...

#+# ##..P.# ## ..# ####..##.#
##.. #.###P≈.#.#..## ### ##
..#.###..≈≈.....#..####.# ..P
........≈≈≈†≈.........#.## #.P.
......≈≈≈≈≈†≈≈≈.†.......P# ....
.....≈≈≈≈≈≈†≈≈≈≈.........##.....
.(....≈≈≈≈≈≈≈≈≈≈......##.P#.....
.....≈≈≈≈.<≈≈≈D@.†.....#........
#####≈≈≈≈≈.≈≈≈≈.......###.'.....
#≈≈≈≈≈≈≈≈≈≈.......# ###.....
##.≈≈≈≈≈≈≈≈≈.......# ##P(#
#....≈≈≈≈≈≈≈.....#.## ..
###....≈..≈......### .
#...##P.#≈#.[....
#.+#########.##P..P .:. #. ....


You could see a six-headed hydra.

Vanquished Creatures
  2 hill giants
  Psyche (D:9)
  A spiny frog (Lair:2)
  A komodo dragon (Lair:1)
  A two-headed ogre (D:10)
  Prince Ribbit (D:6)
  A deep elf fighter (D:11)
  Eustachio (D:6)
  2 deep elf magi
  2 wyverns
  A wraith (D:10)
  4 yaks
  5 hippogriffs
  Edmund (D:5)
  3 wolves (Lair:1)
  2 water moccasins (Lair:1)
  2 ice beasts
  Duvessa (D:6)
  2 orc warriors
  A black bear (D:6)
  2 phantoms
  3 sky beasts
  5 ogres
  A necrophage (D:11)
  3 centaurs (D:9)
  2 crocodiles (Lair:1)
  A big kobold (D:7)
  10 giant frogs
  A wyvern zombie (D:8)
  A water moccasin zombie (D:6)
  Dowan (D:6)
  A gnoll sergeant (D:6)
  6 scorpions
  6 wights
  14 killer bees
  5 crimson imps
  2 giant frog zombies
  3 giant frog skeletons
  3 hounds
  An orc priest (D:9)
  2 centaur zombies
  5 jellies
  8 orc wizards
  Jessica (D:2)
  A centaur skeleton (D:4)
  6 iguanas
  7 worker ants
  A worker ant zombie (D:5)
  13 adders
  3 gnolls (D:6)
  29 river rats
  2 shadow imps
  An adder skeleton (D:6)
  4 worms
  19 orcs
  A bat zombie (D:6)
  9 giant cockroaches
  9 hobgoblins
  5 kobolds
  3 quokkas
  A ball python (D:2)
  25 bats
  8 giant geckos
  A giant gecko skeleton (D:4)
  7 giant newts
  3 goblins (D:2)
  A quokka zombie (D:5)
  17 rats
  2 rat zombies (D:6)
  2 fungi (D:11)
302 creatures vanquished.

Vanquished Creatures (others)
  10 fungi
  3 plants (Lair:1)
  3 spectral weapons
16 creatures vanquished.

Grand Total: 318 creatures vanquished

Notes
Turn   | Place    | Note
--------------------------------------------------------------
     0 | D:1      | Goblin1989 the Merfolk Skald began the quest for the Orb.
     0 | D:1      | Reached XP level 1. HP: 16/16 MP: 3/3
   206 | D:1      | Reached skill level 4 in Polearms
   206 | D:1      | Reached XP level 2. HP: 19/22 MP: 5/5
   213 | D:1      | Learned a level 2 spell: Song of Slaying
   785 | D:2      | Reached XP level 3. HP: 27/27 MP: 6/6
  1009 | D:2      | Found a sacrificial altar of Ru.
  1053 | D:2      | Noticed Jessica
  1062 | D:2      | Reached skill level 5 in Polearms
  1082 | D:2      | Killed Jessica
  1082 | D:2      | Reached XP level 4. HP: 11/33 MP: 7/7
  1632 | D:2      | Noticed Sigmund
  1865 | D:3      | Found a shattered altar of Ashenzari.
  2012 | D:3      | Noticed Ijyb
  2183 | D:3      | Found a deep blue altar of Sif Muna.
  2193 | D:3      | Reached XP level 5. HP: 27/38 MP: 8/8
  2281 | D:3      | Reached skill level 6 in Polearms
  2292 | D:3      | Found a burning altar of Makhleb.
  2295 | D:3      | Found a glowing silver altar of Zin.
  2295 | D:3      | Noticed an angel
  2296 | D:3      | Noticed an Executioner
  2368 | D:3      | Found a white marble altar of Elyvilon.
  2889 | D:4      | Learned a level 3 spell: Spectral Weapon
  2914 | D:4      | Reached XP level 6. HP: 25/46 MP: 7/9
  3233 | D:4      | Noticed a phantom
  3275 | D:4      | Killed a phantom
  3275 | D:4      | Reached skill level 7 in Polearms
  3355 | D:4      | Reached XP level 7. HP: 17/53 MP: 10/10
  3565 | D:4      | Learned a level 3 spell: Regeneration
  3743 | D:4      | Found an opulent altar of Gozag.
  3897 | D:3      | Reached skill level 1 in Necromancy
  4115 | D:4      | Reached skill level 8 in Polearms
  4476 | D:4      | Noticed a wyvern
  4476 | D:4      | an ogre changed into a wyvern
  4483 | D:4      | Killed a wyvern
  4483 | D:4      | Reached XP level 8. HP: 44/61 MP: 7/11
  4625 | D:4      | Reached skill level 5 in Fighting
  4657 | D:5      | Entered Level 5 of the Dungeon
  4833 | D:5      | Reached skill level 9 in Polearms
  4856 | D:5      | Found a staircase to the Ecumenical Temple.
  4868 | Temple   | Entered the Ecumenical Temple
  5035 | D:5      | Reached skill level 5 in Dodging
  5179 | D:5      | Found a bloodstained altar of Trog.
  5327 | D:5      | Reached skill level 10 in Polearms
  5327 | D:5      | Reached XP level 9. HP: 39/70 MP: 0/12
  5708 | D:5      | Noticed Edmund
  5732 | D:5      | Killed Edmund
  5804 | D:6      | Learned a level 3 spell: Ozocubu's Armour
  5838 | D:6      | Noticed Dowan
  6007 | D:6      | Noticed Eustachio
  6129 | D:6      | Killed Eustachio
  6129 | D:6      | Reached skill level 1 in Ice Magic
  6352 | D:6      | Found a blossoming altar of Fedhas.
  6504 | D:6      | Noticed Grinder
  6504 | D:6      | Noticed Prince Ribbit
  6532 | D:6      | Killed Prince Ribbit
  6628 | D:6      | Reached skill level 11 in Polearms
  6666 | D:6      | Noticed Duvessa
  6700 | D:6      | Killed Duvessa
  6712 | D:6      | Killed Dowan
  6851 | D:6      | Found an ancient bone altar of Kikubaaqudgha.
  6919 | D:6      | Found a sparkling altar of Nemelex Xobeh.
  7493 | D:7      | Reached XP level 10. HP: 80/80 MP: 13/13
  7527 | D:7      | Reached skill level 12 in Polearms
  7906 | D:8      | Found an iron altar of Okawaru.
  7947 | D:8      | Became a worshipper of Warmaster Okawaru
  8014 | D:8      | Found a glowing golden altar of the Shining One.
  8953 | D:9      | Noticed Psyche
  8965 | D:9      | Killed Psyche
  9128 | D:9      | Found a stormy altar of Qazlal.
  9355 | D:9      | Reached skill level 10 in Dodging
  9392 | D:9      | Reached * piety under Okawaru
  9392 | D:9      | Reached skill level 13 in Polearms
  9398 | D:9      | Found a radiant altar of Vehumet.
  9736 | D:10     | Entered Level 10 of the Dungeon
  9780 | D:10     | Reached skill level 5 in Charms
  9885 | D:10     | Noticed a hill giant
  9914 | D:10     | Killed a hill giant
  9984 | D:10     | Reached ** piety under Okawaru
  9984 | D:10     | Reached XP level 11. HP: 81/89 MP: 8/14
  9993 | D:10     | Gained mutation: You are partially covered in icy blue scales (AC +1). [potion of beneficial mutation]
 10143 | D:10     | Found Muidgh's General Store.
 10499 | D:11     | Noticed a hill giant
 10516 | D:11     | Killed a hill giant
 10632 | D:11     | Reached *** piety under Okawaru
 10646 | D:11     | Reached skill level 14 in Polearms
 10765 | D:11     | Found Qunk's Armour Shop.
 10928 | D:11     | Found a staircase to the Lair.
 11036 | Lair:1   | Entered Level 1 of the Lair of Beasts
 11275 | Lair:1   | Reached **** piety under Okawaru
 11275 | Lair:1   | Reached skill level 5 in Ice Magic
 11930 | Lair:2   | Noticed a six-headed hydra
 11976 | Lair:2   | HP: 3/89 [six-headed hydra (7)]
 11976 | Lair:2   | Slain by a six-headed hydra

Action                   |  1- 3 |  4- 6 |  7- 9 | 10-12 || total
-------------------------+-------+-------+-------+-------++-------
Melee: Spear             |   141 |   245 |   635 |       ||  1021
       Halberd           |       |       |   117 |   456 ||   573
       Trident           |       |       |       |     5 ||     5
 Cast: Infusion          |       |     3 |     1 |       ||     4
       Regeneration      |       |       |    15 |     6 ||    21
       Spectral Weapon   |       |       |    14 |    14 ||    28
       Song of Slaying   |       |       |     2 |     1 ||     3
       Ozocubu's Armour  |       |       |     4 |     9 ||    13
Invok: Heroism           |       |       |       |     1 ||     1
Evoke: Wand              |       |       |     5 |       ||     5
  Use: Potion            |       |     3 |       |     1 ||     4
       Scroll            |       |     9 |     3 |    11 ||    23
 Stab: Sleeping          |     1 |     1 |       |     3 ||     5
       Paralysed         |     3 |       |       |       ||     3
       Invisible         |     1 |       |       |       ||     1
       Distracted        |       |       |     2 |     1 ||     3
  Eat: Chunk             |       |     4 |     8 |    10 ||    22
       Meat ration       |       |     1 |     2 |     2 ||     5
       Fruit             |       |       |     2 |       ||     2
